 Dungeon Crawl Stone Soup version 0.27.1 (webtiles) character file.

Game seed: 9603752459944120949

23 nxtlvl the Ducker (level 2, -2/18 HPs)
             Began as a Deep Elf Monk on Sept 3, 2021.
             Slain by an adder (4 damage)
             ... on level 2 of the Dungeon.
             The game lasted 00:06:48 (817 turns).

nxtlvl the Ducker (Deep Elf Monk)                    Turns: 817, Time: 00:06:49

Health: -2/18      AC:  5    Str:  8    XL:     2   Next: 72%
Magic:  4/4        EV: 11    Int: 14    God:
Gold:   46         SH:  0    Dex: 17    Spells: 1/1 levels left

rFire    . . .     SeeInvis .   b - staff of air
rCold    . . .     Faith    .   (no shield)
rNeg     . . .     Spirit   .   c - +0 ring mail
rPois    .         Reflect  .   (no helmet)
rElec    +         Harm     .   (no cloak)
rCorr    .         Rampage  .   (no gloves)
Will     .....                  (no boots)
Stlth    ++........             (no amulet)
HPRegen  0.06/turn              (no ring)
MPRegen  0.09/turn              (no ring)

@: no status effects
A: no striking features
a: no special abilities


You were on level 2 of the Dungeon.
You visited 1 branch of the dungeon, and saw 3 of its levels.

You collected 46 gold pieces.

Inventory:

Hand Weapons
 a - a +0 short sword
Missiles
 f - 16 sling bullets
 i - 10 stones (quivered)
Armour
 c - a +0 ring mail (worn)
Magical Staves
 b - a staff of air (weapon)
Scrolls
 e - 2 scrolls of identify {unknown}
 g - a scroll of fear {unknown}
 h - a scroll of noise {unknown}
 k - 2 scrolls of magic mapping {unknown}
Potions
 d - a potion of berserk rage {unknown}
 j - a potion of lignification {unknown}
 l - a potion of heal wounds {unknown}


   Skills:
 - Level 2.4 Fighting
 - Level 3.0 Short Blades
 * Level 2.4 Staves
 - Level 3.6 Dodging
 - Level 2.4 Stealth


You had one spell level left.
You didn't know any spells.
Your spell library was empty.

Dungeon Overview and Level Annotations

Branches:
Dungeon (3/15)

Altars:
Dithmenos


Message History

A kobold comes into view. It is wielding a +0 club.
An adder comes into view.
A goblin comes into view. It is wielding a +0 dagger.
The adder hisses angrily.
The kobold shouts!
The goblin shouts!
You aren't carrying any items that you can evoke.
Unknown command.
You open the door. The adder bites you.
There is an open door here.
You closely miss the adder. The adder bites you.
You barely miss the adder. The adder bites you.
You are poisoned.
The adder poisons you! The adder closely misses you.
You hit the adder.
The adder is lightly wounded.
You feel sick. The adder bites you but does no damage.
You hit the adder.
The adder is moderately wounded.
You feel sick. The adder barely misses you. The adder bites you.
You hit the adder but do no damage.
The adder is moderately wounded.
You feel sick. The adder bites you.
* * * LOW HITPOINT WARNING * * *
You hit the adder but do no damage.
The adder is moderately wounded.
You feel sick. The adder bites you but does no damage.
You hit the adder.
The adder is heavily wounded.
You feel sick. The adder misses you. The adder barely misses you.
Your ring mail prevents you from hitting the adder.
The adder is heavily wounded.
You feel sick.
You are no longer poisoned.
The adder bites you but does no damage.
You hit the adder but do no damage.
The adder is heavily wounded.
The adder bites you but does no damage. The adder barely misses you.
You hit the adder.
The adder is severely wounded.
The adder bites you.
You die...

#.## ##.....## ##.#.....# #..##
##.......## #......#
#####...####..>).....####....###
...........'.........+.......#
###.#...####.[.....(.####....#
#.##.## ##.......## ##.#.##
#.#### ##.....## ###..# #.#
##...#### ##.#
#.############@##.. #.#
###.##........##S#.# #.#
#.†.....#####.##Kg# ## #.#
#.#.##..#####.##.## .# #.#
#.#.##..#......†.# .# #.# #
#.......###....## ##.# #.#
####..### #.#...## ##.# #.# #..#
#.##.#.###..#####.# ..... .
#.##...........#


You could see an adder, a goblin and a kobold.

Vanquished Creatures
  A dart slug (D:2)
  An orc (D:2)
  3 ball pythons
  3 bats (D:2)
  3 goblins
  3 hobgoblins (D:2)
  A frilled lizard (D:2)
  2 rats (D:1)
17 creatures vanquished.

Notes
Turn   | Place    | Note
-------+----------+-------------------------------------------
     0 | D:1      | nxtlvl the Deep Elf Monk began the quest for the Orb.
     0 | D:1      | Reached XP level 1. HP: 13/13 MP: 3/3
   154 | D:2      | Reached skill level 1 in Staves
   271 | D:2      | Reached XP level 2. HP: 15/18 MP: 4/4
   385 | D:2      | Found a shadowy altar of Dithmenos.
   586 | D:1      | You fall into a shaft and drop 1 floor!
   817 | D:2      | Slain by an adder

Illustrated notes

Levels and vault maps discovered:
D:1:      minmay_arrival_five_plusses, layout_basic, chequers_avenue,
          minmay_tiny_reverse_x
D:2:      layout_loops_corners, basic_altar
D:3:      cheibrodos_thug_alley, layout_rooms

Skill      XL: |  1  2 |
---------------+-------+-----
Staves         | 1 2 |  2.4
Fighting       | |  2.4
Short Blades   | |  3.0
Dodging        | |  3.6
Stealth        | |  2.4

Action                   || total
-------------------------++-------
Melee: Staff             ||    89
       Short sword       ||    10
 Stab: Sleeping          ||     5
Armor: Ring mail         ||    39
Dodge: Dodged            ||    65
